 Dungeon Crawl Stone Soup version 0.23-a0-650-ga4d50d4 (webtiles) character file.

17404 gruber the Thaumaturge (level 12, -1/94 HPs)
             Began as a Gnoll Skald on Jan 6, 2019.
             Was a High Priest of Okawaru.
             Slain by a dire elephant (22 damage)
             ... in a Gauntlet.
             The game lasted 00:34:45 (12746 turns).

gruber the Thaumaturge (Gnoll Skald)               Turns: 12746, Time: 00:34:46

Health: -1/94      AC: 11    Str: 20    XL:     12   Next: 47%
Magic:  0/24       EV: 20    Int: 34    God:    Okawaru [*****.]
Gold:   778        SH: 10    Dex: 13    Spells: 19/28 levels left

rFire    . . .     SeeInvis .   p - +0 trident
rCold    . . .     Gourm    .   N - +3 buckler of Ru's Displeasure {MR+ Int+7 Dex-2}
rNeg     . . .     Faith    .   w - +0 leather armour (curse)
rPois    .         Spirit   +   k - +2 hat
rElec    .         Reflect  .   x - +1 cloak {+Inv}
rCorr    .         Harm     .   L - +1 pair of gloves
MR       +....     NoTele   +   (no boots)
Stlth    +++++.....             M - amulet of guardian spirit
HPRegen  0.25/turn              C - +3 ring of intelligence
MPRegen  0.19/turn              j - +5 ring of intelligence

@: mighty, heroism, hasted, very quick
A: distributed training, fangs 1, strong nose
a: Heroism, Finesse, Renounce Religion, Evoke Invisibility


You were in a Gauntlet.
You worshipped Okawaru.
Okawaru was extremely pleased with you.
You were not hungry.

You visited 3 branches of the dungeon, and saw 15 of its levels.
You also visited: Gauntlet.

You collected 778 gold pieces.

Inventory:

Hand Weapons
 a - a +0 spear
 p - a +0 trident (weapon)
Armour
 b - a scarf of cloud immunity
 k - a +2 hat (worn)
 w - a cursed +0 leather armour (worn)
 x - a +1 cloak of invisibility (worn)
 L - a +1 pair of gloves (worn)
 N - the +3 buckler of Ru's Displeasure (worn) {MR+ Int+7 Dex-2}
   (You found it on level 9 of the Dungeon)

   It affects your intelligence (+7).
   It affects your dexterity (-2).
   It affects your resistance to hostile enchantments.
Jewellery
 g - an uncursed ring of positive energy
 j - a +5 ring of intelligence (right hand)
 u - the amulet of the Circus Animal {Harm *Drain Slay+3, unknown}
   (You found it in a Gauntlet)

   [amulet of harm]

   It increases damage dealt and taken.
   It affects your accuracy and damage with ranged weapons and melee attacks
   (+3).
   It causes draining when unequipped.
 C - a +3 ring of intelligence (left hand)
 K - an uncursed ring of fire
 M - an amulet of guardian spirit (around neck)
Wands
 l - a wand of enslavement (13)
 y - a wand of disintegration (14)
 B - a wand of acid (18)
Scrolls
 c - 2 scrolls of fog {unknown}
 e - 2 scrolls of identify
 f - 7 scrolls of teleportation
 h - 10 scrolls of remove curse {unknown}
 n - a scroll of brand weapon {unknown}
 q - 4 scrolls of enchant weapon {unknown}
 s - a scroll of amnesia {unknown}
 D - 2 scrolls of magic mapping {unknown}
 E - 2 scrolls of immolation {unknown}
 G - 2 scrolls of noise {unknown}
Potions
 i - 9 potions of curing
 m - 4 potions of ambrosia
 o - a potion of resistance
 r - a potion of berserk rage
 t - 2 potions of flight
 z - a potion of might
 A - 2 potions of brilliance
 H - a potion of heal wounds
 I - a potion of cancellation
Comestibles
 d - 33 rations


   Skills:
 + Level 8.6(13.6) Fighting
 + Level 7.2(12.2) Short Blades
 + Level 7.2(12.2) Long Blades
 + Level 7.2(12.2) Axes
 + Level 7.2(12.2) Maces & Flails
 + Level 8.6(13.6) Polearms
 + Level 7.2(12.2) Staves
 + Level 7.2(12.2) Slings
 + Level 7.2(12.2) Bows
 + Level 7.2(12.2) Crossbows
 + Level 7.2(12.2) Throwing
 + Level 7.7(12.7) Armour
 + Level 8.6(13.6) Dodging
 + Level 7.2(12.2) Stealth
 + Level 7.2(12.2) Shields
 + Level 7.2(12.2) Unarmed Combat
 + Level 8.9 Spellcasting
 + Level 6.0 Conjurations
 + Level 6.0 Hexes
 + Level 8.2 Charms
 + Level 6.0 Summonings
 + Level 6.0 Necromancy
 + Level 6.0 Translocations
 + Level 6.0 Transmutations
 + Level 6.0 Fire Magic
 + Level 6.0 Ice Magic
 + Level 6.0 Air Magic
 + Level 6.0 Earth Magic
 + Level 6.0 Poison Magic
 + Level 7.9 Invocations
 + Level 7.2 Evocations


You had 19 spell levels left.
You knew the following spells:

 Your Spells              Type           Power        Failure   Level  Hunger
a - Infusion              Chrm           ####         1%          1    None
b - Shroud of Golubria    Chrm/Tloc      ######....   1%          2    None
c - Regeneration          Chrm/Necr      ######....   1%          3    None
d - Spectral Weapon       Hex/Chrm       ######..     1%          3    None

Your spell library contained the following spells:

 Spells                   Type           Power        Failure   Level  Hunger
 Corona                   Hex            ######.      1%          1    None
 Slow                     Hex            ######..     1%          2    None
 Song of Slaying          Chrm           ######..     1%          2    None
 Inner Flame              Hex/Fire       ######..     1%          3    None
 Portal Projectile        Hex/Tloc       ######       1%          3    None
 Cause Fear               Hex            ######....   2%          4    None
 Leda's Liquefaction      Hex/Erth       ######....   2%          4    None


Dungeon Overview and Level Annotations

Branches:
Dungeon (12/15)            Temple (1/1) D:6            Lair (2/6) D:8
  Swamp: Lair:2-4    Shoals: Lair:2-4     Snake: Lair:2-4    Spider: Lair:2-4
    Orc: D:9-12

Altars:
Ashenzari
Cheibriados
Dithmenos
Elyvilon
Fedhas
Gozag
Hepliaklqana
Kikubaaqudgha
Makhleb
Nemelex Xobeh
Okawaru
Qazlal
Ru
Sif Muna
Trog
Uskayaw
Vehumet
Wu Jian
Xom
Yredelemnul
Zin
The Shining One

Shops:
D:9 }   D:11 *

Annotations:
D:12 Fannar Gauntlet 7 transporters, 4 runed doors, exclusion: 2 lightning spires


Innate Abilities, Weirdness & Mutations

Your experience applies equally to all skills.
You have very sharp teeth.
Your uncanny sense of smell can sniff out nearby items.


Message History

The dire elephant misses you.
You are too injured to fight recklessly!
You are too injured to fight recklessly!
You are too injured to fight recklessly!
A minotaur comes into view.
The minotaur throws a javelin of returning.
You block the javelin of returning.
The weapon returns to the minotaur!
Unknown command.
Unknown command.
The dire elephant tramples you!!
* * * LOW HITPOINT WARNING * * *
You stumble backwards!
Unknown command.
Unknown command.
You feel much better. The dire elephant tramples you!
You stumble backwards!
You feel much better. The dire elephant tramples you!!
* * * LOW HITPOINT WARNING * * *
You stumble backwards!
You feel yourself speed up. The dire elephant tramples you!!
You die...

##...###...≈##
#..=###...###.♣.#
.##+!##.♣..##...#
.#©#.©#.PP..#.♣.#
.+##}##..P♣.#.... #
#..a###.....#.©.# #.#
##s..###.....#...# ..
########.....#.©.##.# .
..........∩..#..@...# H.
########.....#.(Y##.##.#
....h..#.....#...# ..
.#.###[#...P.#.©.##.#
...###.#...♣.#......#
..©###©#.PP..#.♣.##.#
.##...[#.♣..##...# ..
8##.8.?#.P.###.♣.# ##
.......#...≈##...#


You could see a dire elephant and a friendly spectral +0 trident.

Vanquished Creatures
  2 hydras (Lair:1)
  A queen ant (Gauntlet)
  A two-headed ogre (D:8)
  A cyclops (D:11)
  2 manticores (D:11)
  Psyche (D:10)
  2 gargoyles (D:11)
  3 spiny frogs
  A komodo dragon (Lair:1)
  3 trolls
  Grinder (D:6)
  3 blink frogs (Lair:1)
  3 hippogriffs
  A vampire (D:9)
  5 yaks (Lair:1)
  2 basilisks (D:11)
  4 hogs (D:11)
  A wyvern (D:10)
  2 humans
  2 hungry ghosts
  4 soldier ants
  3 wargs (D:8)
  An acid dragon (D:11)
  A water moccasin (Lair:2)
  A porcupine (Lair:1)
  6 ice beasts
  Duvessa (D:6)
  A phantom (D:6)
  5 orc warriors
  3 eyes of draining (D:11)
  A hornet zombie (D:11)
  3 ogres
  10 centaurs
  4 crocodiles
  A big kobold (D:5)
  5 bullfrogs
  A wyvern zombie (D:10)
  Dowan (D:6)
  9 scorpions
  6 killer bees (D:11)
  7 howler monkeys
  2 crimson imps
  A centaur skeleton (D:5)
  2 centaur zombies
  Crazy Yiuf (D:4)
  8 orc priests
  6 hounds
  3 bullfrog skeletons
  Jessica (D:2)
  3 iguanas
  23 orc wizards
  7 worker ants
  A hound skeleton (D:6)
  A worker ant zombie (D:10)
  12 adders
  A shadow imp (Gauntlet)
  2 oozes (D:1)
  An adder skeleton (D:9)
  An adder zombie (D:5)
  4 worms
  4 dart slugs
  4 leopard geckos
  51 orcs
  A ball python (D:1)
  10 bats
  7 giant cockroaches
  4 goblins
  12 hobgoblins
  5 jackals
  5 kobolds
  4 quokkas
  6 frilled lizards
  A giant cockroach zombie (D:6)
  A jackal skeleton (D:3)
  A quokka skeleton (D:5)
  5 rats
  A fungus (D:4)
317 creatures vanquished.

Vanquished Creatures (others)
  4 spectral weapons
4 creatures vanquished.

Grand Total: 321 creatures vanquished

Notes
Turn   | Place    | Note
-------+----------+-------------------------------------------
     0 | D:1      | gruber the Gnoll Skald began the quest for the Orb.
     0 | D:1      | Reached XP level 1. HP: 20/20 MP: 6/6
   149 | D:1      | Reached XP level 2. HP: 17/26 MP: 7/7
   160 | D:1      | Learned a level 2 spell: Shroud of Golubria
   406 | D:1      | Reached XP level 3. HP: 22/31 MP: 7/9
   411 | D:1      | Learned a level 3 spell: Regeneration
   415 | D:1      | Learned a level 3 spell: Spectral Weapon
   503 | D:1      | Reached skill level 5 in Spellcasting
   519 | D:1      | Reached skill level 1 in Invocations
   888 | D:2      | Noticed Jessica
   898 | D:2      | Killed Jessica
   898 | D:2      | Reached skill level 1 in Short Blades
   898 | D:2      | Reached skill level 1 in Long Blades
   898 | D:2      | Reached skill level 1 in Axes
   898 | D:2      | Reached skill level 1 in Maces & Flails
   898 | D:2      | Reached skill level 1 in Staves
   898 | D:2      | Reached skill level 1 in Slings
   898 | D:2      | Reached skill level 1 in Bows
   898 | D:2      | Reached skill level 1 in Crossbows
   898 | D:2      | Reached skill level 1 in Throwing
   898 | D:2      | Reached skill level 1 in Stealth
   898 | D:2      | Reached skill level 1 in Shields
   898 | D:2      | Reached skill level 1 in Unarmed Combat
   898 | D:2      | Reached skill level 1 in Evocations
   898 | D:2      | Reached XP level 4. HP: 28/38 MP: 1/11
  1011 | D:2      | Found a sacrificial altar of Ru.
  1497 | D:2      | Reached skill level 1 in Conjurations
  1497 | D:2      | Reached skill level 1 in Hexes
  1497 | D:2      | Reached skill level 1 in Summonings
  1497 | D:2      | Reached skill level 1 in Necromancy
  1497 | D:2      | Reached skill level 1 in Translocations
  1497 | D:2      | Reached skill level 1 in Transmutations
  1497 | D:2      | Reached skill level 1 in Fire Magic
  1497 | D:2      | Reached skill level 1 in Ice Magic
  1497 | D:2      | Reached skill level 1 in Air Magic
  1497 | D:2      | Reached skill level 1 in Earth Magic
  1497 | D:2      | Reached skill level 1 in Poison Magic
  1934 | D:3      | Reached XP level 5. HP: 43/43 MP: 12/12
  2175 | D:3      | Found a runed door.
  2175 | D:3      | Noticed a human
  2178 | D:3      | Found a basalt altar of Yredelemnul.
  2210 | D:3      | Killed a human
  2210 | D:3      | Reached XP level 6. HP: 35/50 MP: 0/14
  2266 | D:3      | Reached skill level 5 in Fighting
  2266 | D:3      | Reached skill level 5 in Polearms
  2266 | D:3      | Reached skill level 5 in Dodging
  2629 | D:4      | Reached XP level 7. HP: 46/56 MP: 13/15
  2762 | D:4      | Found a shadowy altar of Dithmenos.
  3400 | D:4      | Found a runed door.
  3408 | D:4      | Noticed Crazy Yiuf
  3411 | D:4      | Killed Crazy Yiuf
  3459 | D:5      | Entered Level 5 of the Dungeon
  3602 | D:5      | Reached XP level 8. HP: 63/63 MP: 9/16
  4082 | D:6      | Noticed Duvessa
  4082 | D:6      | Noticed Dowan
  4087 | D:6      | Killed Duvessa
  4097 | D:6      | Killed Dowan
  4276 | D:6      | Noticed Grinder
  4287 | D:6      | Killed Grinder
  4507 | D:6      | Reached XP level 9. HP: 23/69 MP: 15/18
  4877 | D:6      | Found a staircase to the Ecumenical Temple.
  4897 | Temple   | Entered the Ecumenical Temple
  5139 | Temple   | Became a worshipper of Warmaster Okawaru
  6153 | D:7      | Reached skill level 5 in Armour
  6542 | D:8      | Reached skill level 5 in Invocations
  6555 | D:8      | Reached * piety under Okawaru
  6572 | D:8      | Found a staircase to the Lair.
  6574 | D:8      | Reached XP level 10. HP: 59/77 MP: 2/20
  6636 | D:8      | Noticed a two-headed ogre
  6979 | D:8      | Killed a two-headed ogre
  6979 | D:8      | Reached skill level 5 in Short Blades
  6979 | D:8      | Reached skill level 5 in Long Blades
  6979 | D:8      | Reached skill level 5 in Axes
  6979 | D:8      | Reached skill level 5 in Maces & Flails
  6979 | D:8      | Reached skill level 5 in Staves
  6979 | D:8      | Reached skill level 5 in Slings
  6979 | D:8      | Reached skill level 5 in Bows
  6979 | D:8      | Reached skill level 5 in Crossbows
  6979 | D:8      | Reached skill level 5 in Throwing
  6979 | D:8      | Reached skill level 5 in Stealth
  6979 | D:8      | Reached skill level 5 in Shields
  6979 | D:8      | Reached skill level 5 in Unarmed Combat
  6979 | D:8      | Reached skill level 5 in Evocations
  7096 | D:8      | Reached ** piety under Okawaru
  7390 | D:9      | Found a snail-covered altar of Cheibriados.
  7390 | D:9      | Found a blossoming altar of Fedhas.
  7612 | D:9      | Found Efoshaf's Gadget Shop.
  7832 | D:9      | Got a scorched buckler
  7833 | D:9      | Identified the +3 buckler of Ru's Displeasure {MR+ Int+7
                  | Dex-2} (You found it on level 9 of the Dungeon)
  7897 | D:9      | Got a pitted ring mail
  7898 | D:9      | Identified the +2 ring mail "Qoshasun" {-Cast rC+ SInv}
                  | (You found it on level 9 of the Dungeon)
  8509 | D:10     | Entered Level 10 of the Dungeon
  8820 | D:10     | Reached *** piety under Okawaru
  8831 | D:10     | Noticed Psyche
  8912 | D:10     | Killed Psyche
  8912 | D:10     | Reached XP level 11. HP: 84/84 MP: 9/22
  9640 | D:11     | HP: 3/84 [gargoyle/+0 morningstar (6)]
  9641 | D:11     | Reached skill level 5 in Conjurations
  9641 | D:11     | Reached skill level 5 in Hexes
  9641 | D:11     | Reached skill level 5 in Summonings
  9641 | D:11     | Reached skill level 5 in Necromancy
  9641 | D:11     | Reached skill level 5 in Translocations
  9641 | D:11     | Reached skill level 5 in Transmutations
  9641 | D:11     | Reached skill level 5 in Fire Magic
  9641 | D:11     | Reached skill level 5 in Ice Magic
  9641 | D:11     | Reached skill level 5 in Air Magic
  9641 | D:11     | Reached skill level 5 in Earth Magic
  9641 | D:11     | Reached skill level 5 in Poison Magic
  9820 | D:11     | Reached **** piety under Okawaru
  9999 | D:11     | Noticed a manticore
 10021 | D:11     | Killed a manticore
 10218 | D:11     | Found Westryfad's Pet Rocks.
 10795 | D:11     | Noticed a cyclops
 10801 | D:11     | Killed a cyclops
 10878 | D:11     | Noticed a manticore
 10885 | D:11     | Killed a manticore
 11062 | D:11     | Reached ***** piety under Okawaru
 11287 | D:12     | Noticed Fannar
 11390 | Lair:1   | Entered Level 1 of the Lair of Beasts
 11390 | Lair:1   | Noticed a six-headed hydra
 11462 | Lair:1   | Reached XP level 12. HP: 57/93 MP: 2/24
 11629 | Lair:1   | Noticed a six-headed hydra
 11639 | Lair:1   | Killed a six-headed hydra
 11964 | Lair:1   | Received a gift from Okawaru
 12004 | Lair:1   | Killed a six-headed hydra
 12289 | Lair:2   | Found a gate leading to a gauntlet.
 12302 | Lair:2   | Received a gift from Okawaru
 12320 | Gauntlet | Entered a Gauntlet
 12320 | Gauntlet | Found a transporter.
 12320 | Gauntlet | Noticed a soul eater
 12324 | Gauntlet | Found a transporter.
 12325 | Gauntlet | Found a transporter.
 12329 | Gauntlet | Found a runed door.
 12336 | Gauntlet | Found a runed door.
 12339 | Gauntlet | Found a transporter.
 12341 | Gauntlet | Found a transporter.
 12344 | Gauntlet | Noticed a ghost crab
 12346 | Gauntlet | Noticed an entropy weaver
 12351 | Gauntlet | Found a transporter.
 12366 | Gauntlet | Found a runed door.
 12367 | Gauntlet | Found a transporter.
 12368 | Gauntlet | Found a runed door.
 12377 | Gauntlet | Found a transporter.
 12389 | Gauntlet | Found a transporter.
 12391 | Gauntlet | Noticed a dire elephant
 12405 | Gauntlet | Found a transporter.
 12414 | Gauntlet | Found a transporter.
 12422 | Gauntlet | Found a transporter.
 12423 | Gauntlet | Noticed a queen ant
 12659 | Gauntlet | Killed a queen ant
 12676 | Gauntlet | Found a transporter.
 12730 | Gauntlet | Got a sparkling iron amulet
 12742 | Gauntlet | Identified the amulet "Zegoolo" {Spirit rC+ MR+}
 12742 | Gauntlet | Noticed a minotaur
 12746 | Gauntlet | Slain by a dire elephant

Vault maps used:
D:1:      sevenhm_arrival_forest_fort_large_2, minmay_heptomino_w4
D:2:      kennysheep_six_static_rooms, nicolae_overflow_hidden_temple,
          uniq_jessica
D:3:      grunt_ministairs_4, ebering_dispersal_statue_hall,
          dk_yredelemnul_ordeal
D:4:      minmay_bubble_buster, hangedman_decor_diamond_cutter,
          nicolae_dithmenos_shadow_blocks, uniq_crazy_yiuf_cottage
D:5:      first_ration
D:6:      minmay_temple_entry_hall, uniq_duvessa, uniq_grinder
D:8:      erik_lair_orcish_takeover
D:9:      gammafunk_temple_overflow_wave, serial_shops, nicolae_shop_waterfront
D:10:     uniq_psyche
D:11:     serial_rivers, chequers_serial_rivers_micro_e,
          chequers_serial_rivers_small_a, chequers_serial_rivers_micro_c,
          chequers_serial_rivers_large_b, chequers_serial_rivers_micro_e,
          chequers_serial_rivers_small_3, grunt_livestock, minivault_11,
          guppyfry_shop_earth
D:12:     orc_0_dummy, basic_loot_grate_trap, uniq_snorg, uniq_nergalle,
          uniq_fannar
Temple:   dpeg_five_rooms_temple
Lair:1:   statuecave_lemuel, serial_bayou_shore_b
Lair:2:   spider_nest_entry_web_field, gauntlet_entry_generic,
          nicolae_volcano_entry_batcave, kennysheep_abandoned_house
Gauntlet: minmay_gauntlet_77_tree

Skill      XL: |  1  2  3  4  5  6  7  8  9 10 11 12 |
---------------+-------------------------------------+-----
Spellcasting   | 5 6 7 8 |  8.9
Invocations    | 1 2 3 4 5 6 7 |  7.9
Short Blades   | 1 2 3 4 5 6 7 |  7.2
Long Blades    | 1 2 3 4 5 6 7 |  7.2
Axes           | 1 2 3 4 5 6 7 |  7.2
Maces & Flails | 1 2 3 4 5 6 7 |  7.2
Staves         | 1 2 3 4 5 6 7 |  7.2
Slings         | 1 2 3 4 5 6 7 |  7.2
Bows           | 1 2 3 4 5 6 7 |  7.2
Crossbows      | 1 2 3 4 5 6 7 |  7.2
Throwing       | 1 2 3 4 5 6 7 |  7.2
Stealth        | 1 2 3 4 5 6 7 |  7.2
Shields        | 1 2 3 4 5 6 7 |  7.2
Unarmed Combat | 1 2 3 4 5 6 7 |  7.2
Evocations     | 1 2 3 4 5 6 7 |  7.2
Conjurations   | 1 2 3 4 5 6 |  6.0
Hexes          | 1 2 3 4 5 6 |  6.0
Summonings     | 1 2 3 4 5 6 |  6.0
Necromancy     | 1 2 3 4 5 6 |  6.0
Translocations | 1 2 3 4 5 6 |  6.0
Transmutations | 1 2 3 4 5 6 |  6.0
Fire Magic     | 1 2 3 4 5 6 |  6.0
Ice Magic      | 1 2 3 4 5 6 |  6.0
Air Magic      | 1 2 3 4 5 6 |  6.0
Earth Magic    | 1 2 3 4 5 6 |  6.0
Poison Magic   | 1 2 3 4 5 6 |  6.0
Armour         | 3 4 5 6 7 |  7.7
Fighting       | 5 6 7 8 |  8.6
Polearms       | 5 6 7 8 |  8.6
Dodging        | 5 6 7 8 |  8.6
Charms         | 6 7 8 |  8.2

Action                   |  1- 3 |  4- 6 |  7- 9 | 10-12 || total
-------------------------+-------+-------+-------+-------++-------
Melee: Spear             |    99 |    84 |       |       ||   183
       Bite              |     9 |    13 |    34 |    72 ||   128
       Trident           |       |    52 |   321 |   647 ||  1020
       Punch             |       |       |     9 |     2 ||    11
 Cast: Infusion          |     4 |     6 |     7 |    16 ||    33
       Regeneration      |     1 |     4 |     6 |    20 ||    31
       Spectral Weapon   |       |     8 |    46 |    69 ||   123
       Shroud of Golubri |       |     1 |     3 |    20 ||    24
Invok: Heroism           |       |       |       |    12 ||    12
Evoke: Wand              |       |       |       |     4 ||     4
  Use: Potion            |       |     1 |       |     4 ||     5
       Scroll            |       |       |       |    18 ||    18
 Stab: Sleeping          |     2 |     5 |     3 |     9 ||    19
       Distracted        |       |     1 |     2 |    12 ||    15
  Eat: Chunk             |       |     6 |    11 |    23 ||    40
       Ration            |       |       |     1 |     1 ||     2
Armor: Leather armour    |    25 |    23 |    74 |   109 ||   231
Dodge: Dodged            |    51 |    42 |   129 |   303 ||   525
Block: Buckler           |       |       |       |   162 ||   162

Table legend:
 A = Non-vault XP
 B = Vault XP
 C = Vault XP percentage of total XP
 D = Non-vault monster count
 E = Vault monster count
 F = Vault count percentage of total count
                 A         B        C        D         E       F
            +---------+---------+-------+---------+---------+-------
      Total |   19655 |    5208 |  20.9 |     265 |      51 |  16.1
            +---------+---------+-------+---------+---------+-------
        D:1 |      40 |      25 |  38.5 |      22 |       9 |  29.0
        D:2 |      40 |      50 |  55.6 |       9 |       7 |  43.8
        D:3 |     107 |     196 |  64.7 |      22 |       4 |  15.4
        D:4 |     306 |     238 |  43.8 |       8 |       7 |  46.7
        D:5 |     429 |       0 |   0.0 |      23 |       0 |   0.0
        D:6 |    1059 |     479 |  31.1 |      32 |       3 |   8.6
        D:7 |     689 |       0 |   0.0 |      15 |       0 |   0.0
        D:8 |    2032 |     579 |  22.2 |      17 |       7 |  29.2
        D:9 |    2106 |       0 |   0.0 |      27 |       0 |   0.0
       D:10 |    1373 |     463 |  25.2 |      26 |       1 |   3.7
       D:11 |    5373 |    1801 |  25.1 |      44 |       8 |  15.4
     Lair:1 |    4995 |       0 |   0.0 |      16 |       0 |   0.0
     Lair:2 |    1106 |       0 |   0.0 |       4 |       0 |   0.0
   Gauntlet |       0 |    1377 | 100.0 |       0 |       5 | 100.0
            +---------+---------+-------+---------+---------+-------
